 Dungeon Crawl Stone Soup version 0.30-a0-528-g8c47a4955b (webtiles) character file.

Game seed: 12743041902743922075

188 arthad the Prestidigitator (level 5, -1/41 HPs)
             Began as a Gnoll Wanderer on Dec 23, 2022.
             Slain by Grinder (6 damage)
             ... on level 3 of the Dungeon.
             The game lasted 00:03:00 (1390 turns).

arthad the Prestidigitator (Gnoll Wanderer)         Turns: 1390, Time: 00:03:01

Health: -1/41      AC:  6    Str: 13    XL:     5   Next: 67%
Magic:  9/9        EV: 11    Int: 15    God:
Gold:   99         SH:  0    Dex: 16    Spells: 10/10 levels left

rFire   + + +      SeeInvis .    a - +2 short sword
rCold   . . .      Faith    .    (no shield)
rNeg    . . .      Spirit   .    m - +0 ring mail "Nieshata" {*Corrode rF+++ Dex+2}
rPois   .          Reflect  .    k - +0 helmet
rElec   .          Harm     .    (no cloak)
rCorr   .          Rampage  .    (no gloves)
Will    .....                    (no boots)
Stlth   +                        (no amulet)
HPRegen 0.26/turn                o - +6 ring of intelligence
MPRegen 0.11/turn                (no ring)

@: no status effects
A: fangs 1, strong nose, distributed training, evolution 1
a: no special abilities


You were on level 3 of the Dungeon.
You visited 1 branch of the dungeon, and saw 3 of its levels.

You collected 99 gold pieces.

Inventory:

Hand Weapons
 a - a +2 short sword (weapon)
 f - a +2 spectral club
Armour
 k - a +0 helmet (worn)
 m - the +0 ring mail "Nieshata" (worn) {*Corrode rF+++ Dex+2}
   (You found it on level 2 of the Dungeon)

   Dex:       It affects your dexterity (+2).
   rF:        It renders you almost immune to fire.
   *Corrode:  It may corrode you when you take damage.
Jewellery
 o - a +6 ring of intelligence (left hand)
Wands
 c - a wand of polymorph (4) (quivered)
Scrolls
 g - 2 scrolls of torment {unknown}
 h - 2 scrolls of fog {unknown}
 i - 2 scrolls of identify {unknown}
 l - a scroll of blinking {unknown}
 n - a scroll of teleportation {unknown}
 p - a scroll of enchant armour {unknown}
Potions
 b - 2 potions of attraction
 d - 2 potions of curing
 j - a potion of mutation


   Skills:
 + Level 3.1 Fighting
 + Level 6.7 Short Blades
 + Level 1.6 Long Blades
 + Level 1.6 Axes
 + Level 1.6 Maces & Flails
 + Level 1.6 Polearms
 + Level 1.6 Staves
 + Level 1.6 Ranged Weapons
 + Level 1.6 Throwing
 + Level 1.6 Armour
 + Level 1.6 Dodging
 + Level 1.6 Stealth
 + Level 1.6 Shields
 + Level 1.6 Unarmed Combat
 + Level 3.2 Spellcasting
 + Level 1.3 Conjurations
 + Level 1.3 Hexes
 + Level 1.3 Summonings
 + Level 1.3 Necromancy
 + Level 1.3 Translocations
 + Level 1.3 Transmutations
 + Level 1.3 Fire Magic
 + Level 1.3 Ice Magic
 + Level 1.3 Air Magic
 + Level 1.3 Earth Magic
 + Level 1.3 Poison Magic
 + Level 1.9 Invocations
 + Level 10.5 Evocations


You had 10 spell levels left.
You didn't know any spells.
Your spell library was empty.

Dungeon Overview and Level Annotations

Branches:
Dungeon (2/15)

Altars:

Shops:
D:2 *

Annotations:
D:3 1 runed translucent door, Crazy Yiuf, Grinder


Innate Abilities, Weirdness & Mutations

You have very sharp teeth.
Your uncanny sense of smell can sniff out nearby items.
Your experience applies equally to all skills.
You have hidden genetic potential.


Message History

You drop a +0 helmet.
Things that are here:
a +0 club; a goblin corpse
Things that are here:
a +0 sling; a +0 club You flicker for a moment.
You flicker back into view.
Grinder comes into view.
Found a stone staircase leading down.
Grinder shouts!
Aiming: Polymorph
Press: ? - help, Shift-Dir - straight line, f - Grinder
Aim: Grinder (will become a chaos spawn, a red devil, or a neqoxec, chance to affect: 72%)
Okay, then.
Unknown command.
Grinder hits you.
You writhe in agony.
You barely miss Grinder.
Grinder blinks!
Grinder gestures at you. Pain shoots through your body!
You hit Grinder but do no damage. Grinder hits you but does no damage.
You closely miss Grinder. You closely miss Grinder. Grinder gestures at you.
Pain shoots through your body!
You hit Grinder.
Grinder is lightly wounded.
Grinder gestures at you.
You suddenly lose the ability to move!
Grinder hits you but does no damage. Grinder hits you!
You writhe in agony.
* * * LOW HITPOINT WARNING * * *
You can move again.
Unknown command.
Unknown command.
It was a potion of mutation.
You feel extremely strange.
You feel a hidden potential growing inside you.
Grinder hits you.
* * * LOW HITPOINT WARNING * * *
You writhe in agony.
You die...

.# .. .# .# .# ># ##.#
#..# ######@######
#....5........#
#.####.##.....# #
#...........(.##.# #
#..###.##.....##.######
#..# #.##..............
#..# #.......(.........
#..# ####.....##.......
#..######....†#########


You could see Grinder.

Vanquished Creatures
  A necrophage (D:3)
  A hound (D:3)
  Robin (D:3)
  2 adders (D:2)
  A worm (D:2)
  3 dart slugs
  4 orcs (D:3)
  6 endoplasms
  A giant cockroach (D:1)
  7 hobgoblins
  4 jackals (D:1)
  A quokka (D:2)
  3 bats
  5 frilled lizards
  4 goblins
  4 kobolds
  8 rats
56 creatures vanquished.

Vanquished Creatures (others)
  A goblin (D:3)
  A hobgoblin (D:3)
2 creatures vanquished.

Grand Total: 58 creatures vanquished

Notes
Turn   | Place    | Note
-------+----------+-------------------------------------------
     0 | D:1      | Reached skill level 10 in Evocations
     0 | D:1      | arthad the Gnoll Wanderer began the quest for the Orb.
     0 | D:1      | arthad set off with the following items: a +2 short sword,
                  | a potion of attraction, a wand of polymorph (4), a potion
                  | of curing, a +0 leather armour.
     0 | D:1      | Reached XP level 1. HP: 17/17 MP: 4/4
    77 | D:1      | Reached XP level 2. HP: 23/23 MP: 5/5
   298 | D:1      | Reached XP level 3. HP: 28/28 MP: 7/7
   679 | D:2      | Reached skill level 1 in Invocations
   743 | D:2      | Reached skill level 1 in Long Blades
   743 | D:2      | Reached skill level 1 in Axes
   743 | D:2      | Reached skill level 1 in Maces & Flails
   743 | D:2      | Reached skill level 1 in Polearms
   743 | D:2      | Reached skill level 1 in Staves
   743 | D:2      | Reached skill level 1 in Ranged Weapons
   743 | D:2      | Reached skill level 1 in Throwing
   743 | D:2      | Reached skill level 1 in Armour
   743 | D:2      | Reached skill level 1 in Dodging
   743 | D:2      | Reached skill level 1 in Stealth
   743 | D:2      | Reached skill level 1 in Shields
   743 | D:2      | Reached skill level 1 in Unarmed Combat
   874 | D:2      | Reached XP level 4. HP: 31/34 MP: 8/8
   880 | D:2      | Found Zizaozig's General Store.
   882 | D:2      | Identified the +0 ring mail "Nieshata" {*Corrode rF+++
                  | Dex+2}
   982 | D:2      | You fall into a shaft and drop 1 floor!
   991 | D:3      | Noticed a necrophage
  1017 | D:3      | Killed a necrophage
  1018 | D:3      | Reached skill level 1 in Conjurations
  1018 | D:3      | Reached skill level 1 in Hexes
  1018 | D:3      | Reached skill level 1 in Summonings
  1018 | D:3      | Reached skill level 1 in Necromancy
  1018 | D:3      | Reached skill level 1 in Translocations
  1018 | D:3      | Reached skill level 1 in Transmutations
  1018 | D:3      | Reached skill level 1 in Fire Magic
  1018 | D:3      | Reached skill level 1 in Ice Magic
  1018 | D:3      | Reached skill level 1 in Air Magic
  1018 | D:3      | Reached skill level 1 in Earth Magic
  1018 | D:3      | Reached skill level 1 in Poison Magic
  1018 | D:3      | Reached XP level 5. HP: 37/40 MP: 9/9
  1162 | D:3      | Found a runed translucent door.
  1163 | D:3      | Noticed Crazy Yiuf
  1227 | D:3      | Noticed Robin
  1256 | D:3      | Killed Robin
  1379 | D:3      | Noticed Grinder
  1387 | D:3      | Paralysed by Grinder for 2 turns
  1390 | D:3      | Gained mutation: You have hidden genetic potential. [potion
                  | of mutation]
  1390 | D:3      | Slain by Grinder

Illustrated notes

Levels and vault maps discovered:
D:1:      saegor_arrival_simple_e, layout_basic
D:2:      layout_basic, serial_shops, shop
D:3:      layout_loops_ring, minivault_26, uniq_crazy_yiuf_cottage,
          uniq_grinder, uniq_robin, uniq_terence

Skill      XL: |  1  2  3  4  5 |
---------------+----------------+-----
Evocations     | | 10.5
Invocations    | 1 |  1.9
Long Blades    | 1 |  1.6
Axes           | 1 |  1.6
Maces & Flails | 1 |  1.6
Polearms       | 1 |  1.6
Staves         | 1 |  1.6
Ranged Weapons | 1 |  1.6
Throwing       | 1 |  1.6
Armour         | 1 |  1.6
Dodging        | 1 |  1.6
Stealth        | 1 |  1.6
Shields        | 1 |  1.6
Unarmed Combat | 1 |  1.6
Spellcasting   | 3 |  3.2
Conjurations   | 1 |  1.3
Hexes          | 1 |  1.3
Summonings     | 1 |  1.3
Necromancy     | 1 |  1.3
Translocations | 1 |  1.3
Transmutations | 1 |  1.3
Fire Magic     | 1 |  1.3
Ice Magic      | 1 |  1.3
Air Magic      | 1 |  1.3
Earth Magic    | 1 |  1.3
Poison Magic   | 1 |  1.3
Fighting       | 3 |  3.1
Short Blades   | |  6.7

Action                   |  1- 3 |  4- 6 || total
-------------------------+-------+-------++-------
Melee: Short sword       |    84 |   114 ||   198
       Bite              |     8 |    12 ||    20
       Punch             |       |     5 ||     5
  Use: Potion            |       |     2 ||     2
 Stab: Sleeping          |     1 |       ||     1
       Invisible         |       |     1 ||     1
Armor: Leather armour    |    16 |     1 ||    17
       Ring mail         |       |    22 ||    22
Dodge: Dodged            |    34 |    39 ||    73

Table legend: (Time is in decaauts)
 A = Elapsed time spent in this place.
 B = Non-inter-level travel time spent in this place.
 C = Inter-level travel time spent in this place.
 D = Time resting spent in this place.
 E = Time spent auto-exploring this place.
 F = Levels seen in this place.
 G = Mean time per level.
                   A        B        C        D        E       F      G
               +--------+--------+--------+--------+--------+-----+--------+
         Total |   1324 |   1319 |      5 |      0 |    979 |   3 |  441.3 |
       Dungeon |   1324 |   1319 |      5 |      0 |    979 |   3 |  441.3 |
               +--------+--------+--------+--------+--------+-----+--------+

Top non-repeatable levels by time:
     D:1: 652 daAuts
     D:3: 375 daAuts
     D:2: 297 daAuts
